 Dungeon Crawl Stone Soup version 0.26.1-11-gd32895ea62 (webtiles) character file.

Game seed: 8029701782687359945

7732 vvl the Transmogrifier (level 11, -7/70 HPs)
             Began as a Demonspawn Transmuter on June 7, 2021.
             Was a Priest of Kikubaaqudgha.
             Mangled by a catoblepas (13 damage)
             ... while petrified by a catoblepas
             ... on level 10 of the Dungeon.
             The game lasted 00:48:46 (12872 turns).

vvl the Transmogrifier (Demonspawn Transmuter)     Turns: 12872, Time: 00:48:47

Health: -7/70      AC: 19    Str: 19    XL:     11   Next: 0%
Magic:  14/14      EV:  2    Int: 14    God:    Kikubaaqudgha [***...]
Gold:   319        SH:  0    Dex: 18    Spells: 8/14 levels left

rFire    + . .     SeeInvis +     - Unarmed
rCold    x . .     Faith    .   (no shield)
rNeg     + + +     Spirit   .   t - +7 chain mail of Kete {Str+6 Stlth+}
rPois    ∞         Reflect  .   (helmet currently unavailable)
rElec    .         Harm     .   D - +0 cloak
rCorr    .         Rampage  .   A - +0 pair of fencer's gloves {Riposte Dex+3}
Will     .....                  (boots currently unavailable)
Stlth    ..........             e - amulet of the acrobat
HPRegen  0.21/turn              l - ring of see invisible
MPRegen  0.14/turn              h - ring of fire

@: appendages, petrified, barbed spikes
A: claws 2, horns 2, talons 2, demonic guardian 1, powered by death 2
a: End Transformation, Renounce Religion, Receive Corpses


You were on level 10 of the Dungeon.
You worshipped Kikubaaqudgha.
Kikubaaqudgha was most pleased with you.
You had grown temporary horns.
You had grown temporary talons.
You visited 2 branches of the dungeon, and saw 11 of its levels.

You collected 631 gold pieces.
You spent 312 gold pieces at shops.

Inventory:

Hand Weapons
 r - a +1 whip of electrocution
 y - a +0 whip of flaming
 B - a +0 long sword
 C - a +4 quarterstaff of chaos
Armour
 d - a +2 hat (melded)
 m - a +0 ring mail of fire resistance
 t - the +7 chain mail of Kete (worn) {Str+6 Stlth+}
   (You found it on level 4 of the Dungeon)

   It affects your strength (+6).
   It makes you more stealthy.
 A - the +0 pair of fencer's gloves (worn) {Riposte Dex+3}
   (You found it on level 5 of the Dungeon)

   It affects your dexterity (+3).
 D - a +0 cloak (worn)
Magical Staves
 J - an uncursed staff of poison
Jewellery
 e - an amulet of the acrobat (around neck)
 h - a ring of fire (right hand)
 l - a ring of see invisible (left hand)
 n - an uncursed amulet of faith
 v - an uncursed amulet of guardian spirit
 M - an uncursed ring of protection from cold {unknown}
Wands
 s - a wand of digging (2)
 w - a wand of paralysis (3)
 F - a wand of flame (10)
 G - a wand of polymorph (7)
Scrolls
 a - 5 scrolls of identify
 b - 4 scrolls of amnesia
 g - 4 scrolls of teleportation
 j - 6 scrolls of remove curse
 k - a scroll of magic mapping
 o - a scroll of blinking
 z - a scroll of enchant weapon
 H - a scroll of random uselessness {unknown}
 I - a scroll of brand weapon {unknown}
 L - a scroll of fear {unknown}
Potions
 c - a potion of ambrosia
 f - 2 potions of brilliance
 i - a potion of mutation
 p - a potion of haste
 q - a potion of might
 u - a potion of invisibility
 x - 4 potions of flight
 E - a potion of curing
 K - a potion of lignification {unknown}
 N - a potion of degeneration {unknown}


   Skills:
 - Level 1.0 Fighting
 - Level 0.5 Long Blades
 + Level 6.3 Armour
 + Level 6.7 Dodging
 * Level 8.0 Unarmed Combat
 - Level 2.0 Spellcasting
 + Level 4.3 Necromancy
 * Level 9.6 Transmutations


You had 8 spell levels left.
You knew the following spells:

 Your Spells              Type           Power        Failure   Level
a - Beastly Appendage     Tmut           56%          4%          1
b - Blade Hands           Tmut           14%          77%         5

Your spell library contained the following spells:

 Spells                   Type           Power        Failure   Level
 Wereblood                Tmut           28%          7%          2
 Pain                     Necr           52%          36%         1
 Sublimation of Blood     Necr           6%           52%         2
 Spider Form              Tmut/Pois      7%           67%         3
 Vampiric Draining        Necr           6%           75%         3
 Corpse Rot               Necr/Air       N/A          82%         2
 Freeze                   Ice            4%           92%         1
 Ice Form                 Ice/Tmut       14%          97%         4
 Petrify                  Tmut/Erth      14%          97%         4
 Animate Dead             Necr           6%           98%         4
 Dispel Undead            Necr           13%          98%         4
 Confusing Touch          Hex            1%           100%        3
 Frozen Ramparts          Ice            2%           100%        3
 Gell's Gravitas          Tloc           0%           100%        3
 Ozocubu's Armour         Ice            1%           100%        3
 Cause Fear               Hex            0%           100%        4
 Hailstorm                Conj/Ice       1%           100%        4
 Summon Ice Beast         Ice/Summ       1%           100%        4
 Excruciating Wounds      Necr           6%           100%        5
 Metabolic Englaciation   Hex/Ice        0%           100%        5
 Silence                  Hex/Air        0%           100%        5
 Yara's Violent Unravell  Hex/Tmut       7%           100%        5
 Death Channel            Necr           6%           100%        6
 Simulacrum               Ice/Necr       3%           100%        6
 Discord                  Hex            0%           100%        8


Dungeon Overview and Level Annotations

Branches:
Dungeon (10/15)            Temple (1/1) D:4
   Lair: D:8-11         Orc: D:9-12

Altars:
Ashenzari
Cheibriados
Dithmenos
Elyvilon
Fedhas
Gozag
Hepliaklqana
Kikubaaqudgha
Makhleb
Nemelex Xobeh
Okawaru
Qazlal
Ru
Sif Muna
Trog
Uskayaw
Vehumet
Wu Jian
Xom
Yredelemnul
Zin
The Shining One

Shops:
D:4 !


Innate Abilities, Weirdness & Mutations

You have very sharp fingernails.
A weak demonic guardian rushes to your aid.
You regenerate health from kills.
You have a pair of horns on your head.
You have razor-sharp toenails.


Message History

The manticore claws you but does no damage. x2
Your shadow imp hits the manticore.
You are engulfed in calcifying dust.
The catoblepas breathes a plume of calcifying dust at you.
The blast of calcifying dust hits you.
* * * LOW HITPOINT WARNING * * *
The manticore barely misses you.
The manticore claws you but does no damage. x2
Your shadow imp gestures at the manticore.
The manticore resists with significant effort.
The catoblepas gores you!!
* * * LOW HITPOINT WARNING * * *
The manticore bites you but does no damage.
The manticore claws you but does no damage.
The manticore claws you.
* * * LOW HITPOINT WARNING * * *
Your shadow imp splashes around in the water.
The catoblepas gores you!!
You die...
Kikubaaqudgha rasps: "You have failed me!
Welcome... oblivion!"

#.....#.#........P.PP...#
#.....#.#...##+........#
#....(#.#...#..........#
#.....#.#...#..........#
###'####.....#####...#####
.............#...##.##...#
.............#.$≈≈#'#≈≈$.#
..#..........#.≈Y.≈.≈..≈.#
..#..........##≈@H.....≈##
.........##...##§.5≈≈.≈##
#..............#§.≈<≈..#
#.......#####.##§.≈≈≈.≈#
#.......# ##≈.......≈#
#.......# .≈..≈.≈..≈.#
........# #.$≈≈#.#≈≈$.#
........# #...##.##...#
..###....


You could see a catoblepas, a manticore and a friendly shadow imp (summoned).

Vanquished Creatures
  2 two-headed ogres
  An unseen horror (D:10)
  The ghost of Zeld the Changer, a novice OpTm of Gozag (D:6)
  A troll (D:9)
  A wyvern (D:8)
  Eustachio (D:6)
  A water moccasin (D:8)
  Duvessa (D:5)
  4 ice beasts
  4 orc warriors
  3 ogres
  5 sky beasts
  4 black bears
  4 centaurs
  2 phantoms
  Blork the orc (D:4)
  5 bullfrogs
  A water moccasin zombie (D:8)
  Dowan (D:5)
  A wyvern skeleton (D:9)
  6 scorpions
  3 vampire bats (D:5)
  3 howler monkeys (D:7)
  A centaur zombie (D:8)
  A bullfrog zombie (D:7)
  2 hounds
  4 orc priests
  3 jellies
  2 orc wizards
  Crazy Yiuf (D:5)
  A bullfrog skeleton (D:4)
  A gnoll shaman (D:6)
  5 iguanas
  3 worker ants
  A killer bee zombie (D:8)
  3 hound skeletons
  2 worker ant zombies
  16 gnolls
  11 adders
  2 shadow imps
  An ufetubus (D:6)
  10 oozes
  An adder zombie (D:8)
  An adder skeleton (D:9)
  3 dart slugs
  5 leopard geckos
  16 orcs
  3 bat skeletons (D:5)
  A bat zombie (D:5)
  5 giant cockroaches
  6 goblins
  4 hobgoblins
  6 jackals
  6 quokkas
  3 bats
  2 frilled lizards
  2 jackal skeletons
  9 kobolds
  2 leopard gecko skeletons
  A leopard gecko zombie (D:5)
  A quokka skeleton (D:8)
  8 rats
211 creatures vanquished.

Vanquished Creatures (collateral kills)
  Pikel (D:5)
  Prince Ribbit (D:5)
  An ogre (D:7)
  A centaur (D:7)
  3 lemures (D:5)
  A worker ant (D:7)
  An orc (D:5)
  A quokka (D:5)
10 creatures vanquished.

Vanquished Creatures (others)
  An orc wizard (D:5)
  9 fungi (D:3)
  7 toadstools (D:3)
17 creatures vanquished.

Grand Total: 238 creatures vanquished

Notes
Turn   | Place    | Note
-------+----------+-------------------------------------------
     0 | D:1      | vvl the Demonspawn Transmuter began the quest for the Orb.
     0 | D:1      | Reached XP level 1. HP: 15/15 MP: 3/3
    39 | D:1      | Reached skill level 2 in Transmutations
   338 | D:1      | Gained mutation: You regenerate a little health from kills.
                  | [demonic ancestry]
   338 | D:1      | Reached XP level 2. HP: 21/21 MP: 3/5
   472 | D:1      | Found an iron altar of Okawaru.
   489 | D:1      | Reached skill level 3 in Transmutations
   586 | D:1      | Reached XP level 3. HP: 17/26 MP: 6/6
  1624 | D:2      | Gained mutation: You have sharp fingernails. [demonic
                  | ancestry]
  1624 | D:2      | Reached XP level 4. HP: 32/32 MP: 5/7
  1681 | D:2      | Reached skill level 4 in Transmutations
  2088 | D:2      | Found a basalt altar of Yredelemnul.
  2111 | D:2      | Found a shimmering blue altar of Sif Muna.
  2512 | D:3      | Found a shimmering altar of Xom.
  3546 | D:3      | Reached skill level 5 in Transmutations
  3546 | D:3      | Reached XP level 5. HP: 31/37 MP: 8/8
  3626 | D:3      | Found a glowing silver altar of Zin.
  3675 | D:3      | Found a glowing golden altar of the Shining One.
  4254 | D:3      | Reached XP level 6. HP: 35/43 MP: 7/9
  4556 | D:4      | Reached skill level 6 in Transmutations
  4790 | D:4      | Reached skill level 1 in Armour
  4926 | D:4      | Found Liqien's Distillery.
  4959 | D:4      | Bought a potion of haste for 130 gold pieces
  4959 | D:4      | Bought a potion of brilliance for 52 gold pieces
  4959 | D:4      | Bought a potion of might for 52 gold pieces
  4959 | D:4      | Bought a potion of curing for 39 gold pieces
  4959 | D:4      | Bought a potion of curing for 39 gold pieces
  5056 | D:4      | Found a staircase to the Ecumenical Temple.
  5104 | D:4      | Got a warped chain mail
  5139 | D:4      | Gained mutation: You have very sharp fingernails. [demonic
                  | ancestry]
  5139 | D:4      | Reached XP level 7. HP: 21/48 MP: 10/10
  5218 | Temple   | Entered the Ecumenical Temple
  5832 | D:4      | Identified the +7 chain mail of Kete {Str+6 Stlth+} (You
                  | found it on level 4 of the Dungeon)
  5870 | D:4      | Noticed Blork the orc
  5881 | D:4      | Killed Blork the orc
  6073 | D:5      | Entered Level 5 of the Dungeon
  6360 | D:5      | Noticed Duvessa
  6361 | D:5      | Noticed Dowan
  6370 | D:5      | Killed Duvessa
  6381 | D:5      | Killed Dowan
  6617 | D:5      | Noticed Prince Ribbit
  6624 | D:5      | Gained mutation: A weak demonic guardian rushes to your
                  | aid. [demonic ancestry]
  6624 | D:5      | Reached XP level 8. HP: 34/54 MP: 9/11
  6669 | D:5      | Noticed Pikel
  6677 | D:5      | Killed Prince Ribbit
  6678 | D:5      | Reached skill level 7 in Transmutations
  6713 | D:5      | Killed Pikel
  7039 | D:5      | Reached skill level 5 in Unarmed Combat
  7133 | D:5      | Found the +0 pair of fencer's gloves {Riposte Dex+3}
  7194 | D:5      | Found a runed translucent door.
  7360 | D:5      | Noticed Crazy Yiuf
  7369 | D:5      | Killed Crazy Yiuf
  7564 | D:5      | Found an ancient bone altar of Kikubaaqudgha.
  7595 | D:5      | Became a worshipper of Kikubaaqudgha
  7939 | D:5      | Reached XP level 9. HP: 22/59 MP: 12/12
  8302 | D:6      | Reached skill level 5 in Dodging
  8354 | D:6      | Noticed Eustachio
  8370 | D:6      | Killed Eustachio
  8402 | D:6      | Reached * piety under Kikubaaqudgha
  8402 | D:6      | Identified Kikubaaqudgha's Disquisition on Evil Rites
                  | (Kikubaaqudgha gifted it to you on level 6 of the Dungeon)
  8402 | D:6      | Received a gift from Kikubaaqudgha
  8430 | D:6      | Found a large runed translucent door.
  8430 | D:6      | Found a large runed translucent door.
  8430 | D:6      | Noticed Zeld's ghost (novice OpTm)
  8781 | D:6      | Found a burning altar of Makhleb.
  8942 | D:6      | Killed Zeld's ghost
  8943 | D:6      | Reached skill level 5 in Armour
  9060 | D:7      | Found a radiant altar of Vehumet.
  9080 | D:7      | Found a sparkling altar of Nemelex Xobeh.
  9098 | D:7      | Reached skill level 8 in Transmutations
  9359 | D:7      | Reached skill level 1 in Necromancy
 10409 | D:8      | Found a hide-covered altar of Uskayaw.
 10418 | D:8      | Reached ** piety under Kikubaaqudgha
 10595 | D:8      | Reached XP level 10. HP: 58/65 MP: 11/13
 10791 | D:8      | Found a runed translucent door.
 10791 | D:8      | Found a glowing golden altar of the Shining One.
 10791 | D:8      | Noticed an angel
 11108 | D:8      | Found an opulent altar of Gozag.
 11192 | D:8      | Learned a level 5 spell: Blade Hands
 11694 | D:9      | Reached skill level 9 in Transmutations
 11857 | D:9      | Found a white marble altar of Elyvilon.
 11995 | D:9      | Reached *** piety under Kikubaaqudgha
 11995 | D:9      | Identified Kikubaaqudgha's Volume of Unholy Arts
                  | (Kikubaaqudgha gifted it to you on level 9 of the Dungeon)
 11995 | D:9      | Received a gift from Kikubaaqudgha
 12022 | D:9      | Noticed a two-headed ogre
 12034 | D:9      | Killed a two-headed ogre
 12130 | D:9      | Found an iron altar of Okawaru.
 12435 | D:10     | Entered Level 10 of the Dungeon
 12435 | D:10     | Noticed an unseen horror
 12450 | D:10     | Killed an unseen horror
 12613 | D:10     | Noticed a two-headed ogre
 12625 | D:10     | Killed a two-headed ogre
 12830 | D:10     | Gained mutation: You regenerate health from kills. [demonic
                  | ancestry]
 12830 | D:10     | Reached XP level 11. HP: 70/70 MP: 11/14
 12857 | D:10     | Noticed a catoblepas
 12872 | D:10     | Mangled by a catoblepas

Illustrated notes

Levels and vault maps discovered:
D:1:      tarquinn_simple_flora_water_d, layout_loops_ring,
          minmay_misc_feat_cross, okawaru_ov_weapons_minmay
D:2:      layout_loops_ring, led_sif_pool, lemuel_crystal_altar, st_stairs_2
D:3:      cheibrodos_fertilizer, layout_loops_corners, lemuel_round_altar,
          overflow_temple_1_default, lemuel_round_altar,
          minmay_stone_trees_small
D:4:      layout_rooms, minmay_temple_entry_ruins, serial_shops, shop,
          uniq_blork_the_orc
D:5:      layout_rooms, kennysheep_vampire_church, uniq_pikel,
          uniq_prince_ribbit1, uniq_duvessa, uniq_crazy_yiuf_cottage
D:6:      layout_basic, makhleb_heckhound_becter, ebering_ghost_disaster_area,
          uniq_eustachio
D:7:      layout_basic, nemelex_xobeh_ov_fountains_minmay, vehumet_altar_wand_db
D:8:      layout_loops_ring, nicolae_overflow_hidden_temple, old_standard_altar,
          lemuel_angel_altar
D:9:      layout_loops_ring, overflow_temple_1_default, general_overflow_altar
D:10:     nzn_motion_control, layout_stronghold, grunt_lair_entry_orc_guard_hut
Temple:   compressed_dpeg_triangle_lava_temple

Skill      XL: |  1  2  3  4  5  6  7  8  9 10 |
---------------+-------------------------------+-----
Transmutations | 2 3 5 6 7 8 9 |  9.6
Armour         | 1 2 4 5 6 |  6.3
Dodging        | 2 3 4 5 6 |  6.7
Unarmed Combat | 3 4 5 6 8 |  8.0
Necromancy     | 2 4 |  4.3
Fighting       | |  1.0
Long Blades    | |  0.5
Spellcasting   | |  2.0

Action                   |  1- 3 |  4- 6 |  7- 9 | 10-12 || total
-------------------------+-------+-------+-------+-------++-------
Melee: Unarmed           |    49 |   173 |   220 |   178 ||   620
       Kick              |    16 |    49 |   136 |    76 ||   277
       Headbutt          |     9 |    27 |    90 |    50 ||   176
       Punch             |     2 |     2 |    11 |    11 ||    26
       Mace              |    53 |    36 |   143 |       ||   232
       Long sword        |       |       |    21 |       ||    21
 Cast: Beastly Appendage |    20 |    26 |    41 |    16 ||   103
       Blade Hands       |       |       |       |     1 ||     1
Evoke: Wand              |       |       |     6 |     1 ||     7
  Use: Potion            |     1 |       |     2 |       ||     3
       Scroll            |       |     7 |     6 |     3 ||    16
 Stab: Sleeping          |     2 |       |       |       ||     2
       Distracted        |     1 |       |     3 |     1 ||     5
       Paralysed         |       |       |     9 |       ||     9
Armor: Robe              |    16 |     2 |       |       ||    18
       Ring mail         |       |    42 |     9 |       ||    51
       Chain mail        |       |       |   208 |    88 ||   296
       Skin              |       |       |    21 |       ||    21
Dodge: Dodged            |    68 |   156 |   270 |   127 ||   621
       Rpst.: Long sword |       |       |    16 |       ||    16
       Mace              |       |       |     2 |       ||     2
       Unarmed           |       |       |    36 |    32 ||    68
